 Dungeon Crawl Stone Soup version 0.29-a0-839-g4793fd635e (webtiles) character file.

Game seed: 14339156497250905105

11 BritishOli the Trooper (level 2, 21/24 HPs)
             Began as a Demonspawn Fighter on June 29, 2022.
             Was an Initiate of Gozag.
             Got out of the dungeon alive.
             The game lasted 00:02:34 (714 turns).

BritishOli the Trooper (Demonspawn Fighter)          Turns: 714, Time: 00:02:34

Health: 21/24      AC:  6    Str: 16    XL:     2   Next: 17%
Magic:  2/2        EV:  8    Int:  9    God:    Gozag
Gold:   26         SH:  8    Dex: 12    Spells: 1/1 levels left

rFire   . . .      SeeInvis .   a - +0 long sword
rCold   . . .      Faith    .   c - +0 buckler
rNeg    . . .      Spirit   .   b - +0 scale mail
rPois   .          Reflect  .   (no helmet)
rElec   .          Harm     .   (no cloak)
rCorr   .          Rampage  .   (no gloves)
Will    .....                   (no boots)
Stlth   ..........              (no amulet)
HPRegen 0.08/turn               (no ring)
MPRegen 0.08/turn               (no ring)

@: gold aura
A: condensation shield
a: Renounce Religion, Potion Petition, Call Merchant, Bribe Branch


You escaped.
You worshipped Gozag.
Gozag was noncommittal.
You visited 1 branch of the dungeon, and saw 1 of its levels.

You collected 26 gold pieces.

Inventory:

Hand Weapons
 a - a +0 long sword (weapon)
Armour
 b - a +0 scale mail (worn)
 c - a +0 buckler (worn)
Scrolls
 f - a scroll of brand weapon {unknown}
 g - a scroll of identify {unknown}
 h - 2 scrolls of vulnerability {unknown}
Potions
 d - a potion of might
 e - a potion of curing {unknown}


   Skills:
 + Level 3.1 Fighting
 * Level 2.1 Long Blades
 + Level 2.8 Armour
 + Level 2.8 Shields


You had one spell level left.
You didn't know any spells.
Your spell library was empty.

Dungeon Overview and Level Annotations

Branches:
Dungeon (1/15)

Altars:
Gozag


Innate Abilities, Weirdness & Mutations

A meltable shield of frost defends you. (SH +4)


Message History

Gozag accepts your prayer! Gozag welcomes you!
Gozag waives the service fee.
You see here a +0 mace.
You see here a +0 hand axe.
You see here a +0 hand axe.
You see here a +0 mace.
There is a dry fountain here.
HP restored.
You see here a +0 hand axe.
The hobgoblin throws a stone.
The stone hits you.
No reachable target in view!
No reachable target in view!
No reachable target in view!
The hobgoblin shouts!
The hobgoblin throws a stone.
You block the stone. The hobgoblin barely misses you.
There is an open door here.
The hobgoblin closely misses you. You block the hobgoblin's attack.
You barely miss the hobgoblin. The hobgoblin hits you.
The hobgoblin closely misses you.
You closely miss the hobgoblin. The hobgoblin closely misses you.
You closely miss the hobgoblin. The hobgoblin barely misses you.
You hit the hobgoblin.
The hobgoblin is almost dead.
The hobgoblin hits you but does no damage.
The hobgoblin barely misses you.
You slash the hobgoblin!
You kill the hobgoblin!
No target in view!
No target in view!
A hobgoblin is nearby!
(D) Dungeon
Where to? (Enter - D:1 @ (x,y), ? - help)
Okay, then.
There is a staircase leading out of the dungeon here.
Are you sure you want to leave the Dungeon?
This will make you lose the game! You block the hobgoblin's attack.
You have escaped!

.... .# . ... #. .
###'### . ##.#####
###8#8'8### .##
#.##...###.........##
#.###
#.#....##...........##
#.#.#
#.#$...#............'#
#.#..
#.'...........@.....8'
+...#
#.#....#......g.....##
#.#.#
#.#....##...........#
#.#..
#.##...###.........##
#.#.. ##.#####
####8'8#### ##.#.. #.#
######'###### #.##.#
#.## #...........#
##.##.. ##.###
≈≈.§..§≈≈ ###.#####
##..#### ≈≈≈≈≈
####.)##


You could see a hobgoblin.

Vanquished Creatures
  A goblin (D:1)
  A hobgoblin (D:1)
  4 jackals (D:1)
  A kobold (D:1)
  A ball python (D:1)
  2 frilled lizards (D:1)
10 creatures vanquished.

Notes
Turn   | Place    | Note
-------+----------+-------------------------------------------
     0 | D:1      | BritishOli the Demonspawn Fighter began the quest for the
                  | Orb.
     0 | D:1      | Reached XP level 1. HP: 18/18 MP: 1/1
   350 | D:1      | Found a faded altar of an unknown god.
   497 | D:1      | Gained mutation: A meltable shield of frost defends you.
                  | (SH +4) [demonic ancestry]
   497 | D:1      | Reached XP level 2. HP: 22/24 MP: 2/2
   497 | D:1      | Upgraded the game from 0.29-a0-728-g6bb282b620 to
                  | 0.29-a0-839-g4793fd635e
   554 | D:1      | Prayed at the altar of an unknown god.
   554 | D:1      | Became a worshipper of Gozag Ym Sagoz the Greedy
   714 | D:$      | Got out of the dungeon alive.

Illustrated notes

Levels and vault maps discovered:
D:1:      dpeg_arrival_morbid_curiosity, layout_basic,
          shapermc_ecumenical_altar_totnotflames

Skill      XL: |  1 |
---------------+----+-----
Long Blades    | 2 |  2.1
Fighting       | |  3.1
Armour         | |  2.8
Shields        | |  2.8

Action                   || total
-------------------------++-------
Melee: Long sword        ||    45
Armor: Scale mail        ||    24
Dodge: Dodged            ||    24
Block: Buckler           ||    20

Table legend: (Time is in decaauts)
 A = Elapsed time spent in this place.
 B = Non-inter-level travel time spent in this place.
 C = Inter-level travel time spent in this place.
 D = Time resting spent in this place.
 E = Time spent auto-exploring this place.
 F = Levels seen in this place.
 G = Mean time per level.
                   A        B        C        D        E       F      G
               +--------+--------+--------+--------+--------+-----+--------+
         Total |    729 |    544 |    185 |      0 |    434 |   1 |  729.0 |
       Dungeon |    729 |    544 |    185 |      0 |    434 |   1 |  729.0 |
               +--------+--------+--------+--------+--------+-----+--------+

Top non-repeatable levels by time:
     D:1: 729 daAuts
